 Dungeon Crawl Stone Soup version 0.23-a0-189-gc87c613 (webtiles) character file.

385 w00t the Firebug (level 6, -2/44 HPs)
             Began as a Gnoll Fire Elementalist on Sept 23, 2018.
             Was a Follower of Vehumet.
             Killed from afar by Ijyb (17 damage)
             ... with a wand of acid (5)
             ... on level 3 of the Dungeon.
             The game lasted 00:07:04 (5484 turns).

w00t the Firebug (Gnoll Fire Elementalist)          Turns: 5484, Time: 00:07:04

Health: -2/44      AC:  1    Str: 11    XL:     6   Next: 77%
Magic:  13/14      EV: 14    Int: 22    God:    Vehumet [*.....]
Gold:   277        SH:  0    Dex: 12    Spells: 2/15 levels left

rFire    . . .     SeeInvis .   a - +4 hand axe of Mewkom {drain, rElec rN+ Int+3 Dex-3}
rCold    + . .     Gourm    .   (no shield)
rNeg     + . .     Faith    .   n - +0 robe
rPois    .         Spirit   .   m - +0 helmet (curse)
rElec    +         Reflect  .   (no cloak)
rCorr    .         Harm     .   (no gloves)
MR       .....                  u - +1 pair of boots {run}
Stlth    +++.......             (no amulet)
HPRegen  0.14/turn              y - ring of protection from cold {rC+, !d}
MPRegen  0.14/turn              (no ring)

@: corroded, quick
A: distributed training, fangs 1, strong nose
a: Renounce Religion


You were on level 3 of the Dungeon.
You worshipped Vehumet.
Vehumet was aware of your devotion.
You were hungry.

You visited 1 branch of the dungeon, and saw 5 of its levels.

You collected 277 gold pieces.

Inventory:

Hand Weapons
 a - the +4 hand axe of Mewkom (weapon) {drain, rElec rN+ Int+3 Dex-3}
   (You found it on level 4 of the Dungeon)

   A truly terrible weapon, it drains the life of those it strikes.
   It affects your intelligence (+3).
   It affects your dexterity (-3).
   It insulates you from electricity.
   It protects you from negative energy.
Missiles
 d - 32 sling bullets
 o - 7 silver javelins (quivered)
 p - 2 throwing nets {=f, !d}
 x - 5 javelins
 z - 62 stones
Armour
 m - a cursed +0 helmet (worn)
 n - a +0 robe (worn)
 u - a +1 pair of boots of running (worn)
Magical Staves
 b - an uncursed staff of cold {rC+}
Jewellery
 y - a ring of protection from cold (left hand) {rC+, !d}
 B - an uncursed ring of protection from magic {unknown}
Wands
 w - a wand of flame (38)
Scrolls
 e - 4 scrolls of fear {unknown}
 f - 2 scrolls of immolation {unknown}
 g - a scroll of magic mapping {unknown}
 i - 7 scrolls of identify {@r1}
 q - 2 scrolls of remove curse {unknown}
 r - 3 scrolls of amnesia {unknown}
 t - a scroll of noise {unknown}
 v - 3 scrolls of teleportation {unknown}
Potions
 h - 3 potions of cancellation {unknown}
 j - 2 potions of heal wounds {unknown}
 k - 2 potions of haste {unknown}
 l - a potion of curing {unknown}
 s - 2 potions of might {unknown}
Comestibles
 c - 12 rations


   Skills:
 + Level 2.1 Fighting
 + Level 2.1 Short Blades
 + Level 2.1 Long Blades
 + Level 2.1 Axes
 + Level 2.1 Maces & Flails
 + Level 2.1 Polearms
 + Level 2.1 Staves
 + Level 2.1 Slings
 + Level 2.1 Bows
 + Level 2.1 Crossbows
 + Level 2.1 Throwing
 + Level 2.1 Armour
 + Level 5.0 Dodging
 + Level 4.6 Stealth
 + Level 2.1 Shields
 + Level 2.1 Unarmed Combat
 + Level 5.4 Spellcasting
 + Level 2.7 Conjurations
 + Level 1.6 Hexes
 + Level 1.6 Charms
 + Level 1.6 Summonings
 + Level 1.6 Necromancy
 + Level 1.6 Translocations
 + Level 1.6 Transmutations
 + Level 5.7 Fire Magic
 + Level 1.6 Ice Magic
 + Level 1.6 Air Magic
 + Level 1.6 Earth Magic
 + Level 1.6 Poison Magic
 + Level 2.3 Invocations
 + Level 2.1 Evocations


You had 2 spell levels left.
You knew the following spells:

 Your Spells              Type           Power        Failure   Level  Hunger
a - Flame Tongue          Conj/Fire      ###..        1%          1    None
b - Throw Flame           Conj/Fire      ###...       2%          2    None
c - Conjure Flame         Conj/Fire      ###.....     4%          3    ##.....
f - Inner Flame           Hex/Fire       ###.....     6%          3    ##.....
t - Sticky Flame          Conj/Fire      ###.....     17%         4    ####...

Your spell library contained the following spells:

 Spells                   Type           Power        Failure   Level  Hunger
 Sandblast                Erth           ##....       4%          1    None
 Beastly Appendage        Tmut           ##....       4%          1    None
 Corona                   Hex            ##.....      4%          1    None
 Ensorcelled Hibernation  Hex/Ice        ##....       8%          2    None
 Dazzling Spray           Conj/Hex       ###...       12%         3    ##.....
 Confuse                  Hex            ##......     14%         3    ##.....
 Tukima's Dance           Hex            ##......     14%         3    ##.....
 Fireball                 Conj/Fire      ###.......   43%         5    #####..


Dungeon Overview and Level Annotations

Branches:
Dungeon (5/15)
 Temple: D:4-7

Altars:
Kikubaaqudgha
Sif Muna
Trog
Vehumet

Annotations:
D:3 Ijyb
D:4 exclusion: downstairs


Innate Abilities, Weirdness & Mutations

Your experience applies equally to all skills.
You have very sharp teeth.
Your uncanny sense of smell can sniff out nearby items.


Message History

You start resting.
HP restored.
Really walk into a travel-excluded area?
Casting: Flame Tongue (safe; 1% risk of failure)
Confirm with . or Enter, or press ? or * to list all spells.
Aiming: Flame Tongue (safe; 1% risk of failure)
Press: ? - help, Shift-Dir - straight line, f - Ijyb
Aim: Ijyb, wielding a dagger and wearing a leather armour (resting)
The flame tongue hits Ijyb.
Ijyb appears unharmed.
Ijyb shouts!
Ijyb zaps a wand.
The bolt of acid hits you!
* * * LOW HITPOINT WARNING * * *
The acid corrodes you!
You are splashed with acid!
The acid burns!
* * * LOW HITPOINT WARNING * * *
It is a wand of acid (5).
You are too injured to fight recklessly!
Ijyb hits you but does no damage.
You barely miss Ijyb. You bite Ijyb, but do no damage.
Ijyb zaps a wand.
The bolt of acid hits you!
You die...

#################################
..........>.....@g...............
.#########.##############.###.###
.....# #.# #.#...... ####.# #.#
#..<..... .....# #.#
###########..#. ##########.####
#.............. ..............#
#.#########.#..
##########.##.#####.##...........
#######.............####...##.


You could see Ijyb.

Vanquished Creatures
  A phantom (D:5)
  An orc priest (D:3)
  A hound (D:4)
  Jessica (D:3)
  2 worker ants (D:4)
  4 adders
  7 worms
  2 dart slugs
  4 leopard geckos
  19 orcs
  2 giant cockroaches
  8 hobgoblins
  4 jackals
  3 quokkas
  6 bats
  8 frilled lizards
  3 goblins (D:3)
  6 kobolds
  7 rats
89 creatures vanquished.

Notes
Turn   | Place    | Note
-------+----------+-------------------------------------------
     0 | D:1      | w00t the Gnoll Fire Elementalist began the quest for the
                  | Orb.
     0 | D:1      | Reached XP level 1. HP: 13/13 MP: 6/6
   293 | D:1      | Reached XP level 2. HP: 19/19 MP: 5/7
   964 | D:1      | Learned a level 2 spell: Throw Flame
  1219 | D:2      | Reached skill level 5 in Spellcasting
  1219 | D:2      | Reached XP level 3. HP: 25/25 MP: 5/9
  1461 | D:2      | Reached skill level 1 in Invocations
  1660 | D:2      | Reached skill level 1 in Fighting
  1660 | D:2      | Reached skill level 1 in Short Blades
  1660 | D:2      | Reached skill level 1 in Long Blades
  1660 | D:2      | Reached skill level 1 in Axes
  1660 | D:2      | Reached skill level 1 in Maces & Flails
  1660 | D:2      | Reached skill level 1 in Polearms
  1660 | D:2      | Reached skill level 1 in Staves
  1660 | D:2      | Reached skill level 1 in Slings
  1660 | D:2      | Reached skill level 1 in Bows
  1660 | D:2      | Reached skill level 1 in Crossbows
  1660 | D:2      | Reached skill level 1 in Throwing
  1660 | D:2      | Reached skill level 1 in Armour
  1660 | D:2      | Reached skill level 1 in Shields
  1660 | D:2      | Reached skill level 1 in Unarmed Combat
  1660 | D:2      | Reached skill level 1 in Evocations
  1983 | D:2      | Found a radiant altar of Vehumet.
  1983 | D:2      | Found an ancient bone altar of Kikubaaqudgha.
  1984 | D:2      | Found a deep blue altar of Sif Muna.
  1999 | D:2      | Reached XP level 4. HP: 10/32 MP: 6/11
  2228 | D:2      | Became a worshipper of Vehumet
  2235 | D:2      | Identified Sif Muna's Reference Book on Changing
  2241 | D:2      | Learned a level 3 spell: Conjure Flame
  2711 | D:3      | Noticed Ijyb
  2735 | D:3      | Identified a +1 pair of boots of running (You found it on
                  | level 2 of the Dungeon)
  2908 | D:3      | Reached skill level 1 in Hexes
  2908 | D:3      | Reached skill level 1 in Charms
  2908 | D:3      | Reached skill level 1 in Summonings
  2908 | D:3      | Reached skill level 1 in Necromancy
  2908 | D:3      | Reached skill level 1 in Translocations
  2908 | D:3      | Reached skill level 1 in Transmutations
  2908 | D:3      | Reached skill level 1 in Ice Magic
  2908 | D:3      | Reached skill level 1 in Air Magic
  2908 | D:3      | Reached skill level 1 in Earth Magic
  2908 | D:3      | Reached skill level 1 in Poison Magic
  2916 | D:3      | Reached XP level 5. HP: 27/37 MP: 1/12
  3011 | D:3      | Learned a level 3 spell: Inner Flame
  3376 | D:3      | Noticed Jessica
  3383 | D:3      | Learned a level 4 spell: Sticky Flame
  3391 | D:3      | Killed Jessica
  4082 | D:4      | Reached * piety under Vehumet
  4082 | D:4      | Offered knowledge of Sandblast by Vehumet.
  4317 | D:4      | Reached XP level 6. HP: 44/44 MP: 6/13
  4399 | D:4      | Found a bloodstained altar of Trog.
  4722 | D:4      | Got a smoking hand axe
  4723 | D:4      | Identified the +4 hand axe of Mewkom {drain, rElec rN+
                  | Int+3 Dex-3} (You found it on level 4 of the Dungeon)
  4902 | D:5      | Entered Level 5 of the Dungeon
  4905 | D:5      | Noticed a phantom
  4953 | D:5      | Killed a phantom
  4953 | D:5      | Reached skill level 5 in Dodging
  5249 | D:5      | Noticed a phantom
  5484 | D:3      | Killed from afar by Ijyb

Vault maps used:
D:1:      dpeg_arrival_oval
D:2:      grunt_temple_overflow_magic_moments, first_ration
D:3:      uniq_ijyb, uniq_jessica
D:4:      overflow_temple_1_default
D:5:      grunt_gozag_statues, eat_drink_and_be_merry_uskayaw,
          gammafunk_ghost_grave, minmay_strange_pillars

Skill      XL: |  1  2  3  4  5  6 |
---------------+-------------------+-----
Conjurations   | 2 |  2.7
Spellcasting   | 5 |  5.4
Invocations    | 1 2 |  2.3
Fighting       | 1 2 |  2.1
Short Blades   | 1 2 |  2.1
Long Blades    | 1 2 |  2.1
Axes           | 1 2 |  2.1
Maces & Flails | 1 2 |  2.1
Polearms       | 1 2 |  2.1
Staves         | 1 2 |  2.1
Slings         | 1 2 |  2.1
Bows           | 1 2 |  2.1
Crossbows      | 1 2 |  2.1
Throwing       | 1 2 |  2.1
Armour         | 1 2 |  2.1
Shields        | 1 2 |  2.1
Unarmed Combat | 1 2 |  2.1
Evocations     | 1 2 |  2.1
Hexes          | 1 |  1.6
Charms         | 1 |  1.6
Summonings     | 1 |  1.6
Necromancy     | 1 |  1.6
Translocations | 1 |  1.6
Transmutations | 1 |  1.6
Ice Magic      | 1 |  1.6
Air Magic      | 1 |  1.6
Earth Magic    | 1 |  1.6
Poison Magic   | 1 |  1.6
Dodging        | 5 |  5.0
Stealth        | |  4.6
Fire Magic     | |  5.7

Action                   |  1- 3 |  4- 6 || total
-------------------------+-------+-------++-------
Melee: Unarmed           |    10 |       ||    10
       Whip              |     1 |       ||     1
       Staff             |       |     5 ||     5
       Hand axe          |       |     2 ||     2
       Bite              |       |     1 ||     1
Throw: Javelin           |       |     8 ||     8
 Cast: Flame Tongue      |    55 |   135 ||   190
       Sticky Flame      |       |     3 ||     3
       Inner Flame       |       |     1 ||     1
       Throw Flame       |       |     3 ||     3
  Use: Scroll            |       |     1 ||     1
  Eat: Chunk             |     3 |    10 ||    13
Armor: Robe              |     3 |    15 ||    18
Dodge: Dodged            |    29 |    41 ||    70

Table legend:
 A = Non-vault XP
 B = Vault XP
 C = Vault XP percentage of total XP
 D = Non-vault monster count
 E = Vault monster count
 F = Vault count percentage of total count
                 A         B        C        D         E       F
            +---------+---------+-------+---------+---------+-------
      Total |     514 |      37 |   6.7 |      88 |       1 |   1.1
            +---------+---------+-------+---------+---------+-------
        D:1 |      21 |       0 |   0.0 |      12 |       0 |   0.0
        D:2 |      65 |       0 |   0.0 |      24 |       0 |   0.0
        D:3 |     126 |      37 |  22.7 |      33 |       1 |   2.9
        D:4 |     153 |       0 |   0.0 |      10 |       0 |   0.0
        D:5 |     149 |       0 |   0.0 |       9 |       0 |   0.0
            +---------+---------+-------+---------+---------+-------
